 Dungeon Crawl Stone Soup version 0.29.0-13-gc9e81de378 (webtiles) character file.

Game seed: 12353704097975909689

205 SnakkuSnakku7 the Cudgeller (level 5, -7/50 (53) HPs)
             Began as an Ogre Enchanter on Sept 7, 2022.
             Mangled by Crazy Yiuf
             ... wielding a +4 quarterstaff of chaos
              (14 damage)
             ... on level 3 of the Dungeon.
             The game lasted 00:04:10 (4111 turns).

SnakkuSnakku7 the Cudgeller (Ogre Enchanter)        Turns: 4111, Time: 00:04:11

HP:   -7/50 (53)    AC:  3    Str: 12    XL:     5   Next: 83%
MP:   8/8           EV: 10    Int: 16    God:
Gold: 203           SH:  0    Dex: 11    Spells: 8/8 levels left

rFire   + . .      SeeInvis .   q - +5 falchion of the Wasteland {vamp, rF+ rCorr}
rCold   . . .      Faith    .   (no shield)
rNeg    . . .      Spirit   .   f - +0 robe
rPois   .          Reflect  .   (helmet restricted)
rElec   .          Harm     .   (no cloak)
rCorr   +          Rampage  .   (gloves unavailable)
Will    .....                   (boots unavailable)
Stlth   ++........              (no amulet)
HPRegen 0.16/turn               (no ring)
MPRegen 0.11/turn               (no ring)

@: drained, invisible
A: large, unfitting armour, tough skin 1
a: no special abilities


You were on level 3 of the Dungeon.
You visited 1 branch of the dungeon, and saw 3 of its levels.

You collected 203 gold pieces.

Inventory:

Hand Weapons
 a - a +0 morningstar
 b - a +1 dagger
 e - a +0 mace
 q - the +5 falchion of the Wasteland (weapon) {vamp, rF+ rCorr}
   (You found it on level 2 of the Dungeon)

   It occasionally heals its wielder for a portion of the damage dealt when it
   wounds a living foe.
   rF:        It protects you from fire.
   rCorr:     It protects you from acid and corrosion.
Missiles
 n - a poisoned dart (quivered)
Armour
 f - a +0 robe (worn)
Jewellery
 s - a ring of magical power
Scrolls
 g - 3 scrolls of magic mapping {unknown}
 h - 2 scrolls of teleportation {unknown}
 i - 2 scrolls of immolation {unknown}
 j - a scroll of fear {unknown}
 k - a scroll of blinking {unknown}
 m - a scroll of silence {unknown}
 r - a scroll of fog {unknown}
Potions
 c - a potion of invisibility
 d - a potion of berserk rage {unknown}
 l - 2 potions of heal wounds {unknown}
 o - 2 potions of attraction {unknown}
 p - 2 potions of flight {unknown}
 t - 2 potions of mutation {unknown}
 u - a potion of lignification {unknown}
 v - a potion of might {unknown}


   Skills:
 - Level 3.0 Fighting
 - Level 0.8 Short Blades
 + Level 3.3 Maces & Flails
 + Level 2.6 Throwing
 - Level 1.7 Dodging
 - Level 2.1 Stealth
 - Level 2.4 Spellcasting
 - Level 2.6 Hexes


You had 8 spell levels left.
You didn't know any spells.
Your spell library contained the following spells:

 Spells                   Type           Power      Damage    Failure   Level
 Ensorcelled Hibernation  Hex/Ice        12%        N/A       17%         2
 Confusing Touch          Hex            10%        N/A       21%         3
 Tukima's Dance           Hex            10%        N/A       21%         3
 Blink                    Tloc           2%         N/A       30%         2
 Dazzling Flash           Conj/Hex       12%        N/A       34%         3
 Lesser Beckoning         Tloc           1%         N/A       52%         3
 Spider Form              Tmut/Pois      1%         N/A       52%         3
 Freezing Cloud           Conj/Ice/Air   0%         6-21      99%         5
 Manifold Assault         Tloc           1%         N/A       99%         5


Dungeon Overview and Level Annotations

Branches:
Dungeon (3/15)

Altars:
Ashenzari

Shops:
D:1 =((*

Annotations:
D:3 Crazy Yiuf


Innate Abilities, Weirdness & Mutations

You are too large for most types of armour.
You have tough skin. (AC +1)


Message History

You are too injured to fight recklessly!
You are too injured to fight recklessly!
You are too injured to fight recklessly!
You aren't carrying any items that you can evoke.
Unknown command.
Okay, then.
Throw: 2 darts (poison)
Press: ? - help, Q - select action Shift-Dir - straight line, f - Crazy Yiuf
Aim: Crazy Yiuf, wielding a +4 quarterstaff of chaos and wearing a +0 cloak (61% to hit)
You throw a poisoned dart. The poisoned dart hits Crazy Yiuf!
Crazy Yiuf is poisoned.
You feel sick.
Crazy Yiuf grits, "Whiteboard unthinkable ena!"
Crazy Yiuf barely misses you.
You fade into invisibility!
You feel sick.
Crazy Yiuf whimpers, "Earwax sizzlefizz seventy!"
Crazy Yiuf hits you with a +4 quarterstaff of chaos!
* * * LOW HITPOINT WARNING * * *
You feel drained.
* * * LOW HITPOINT WARNING * * *
You hit Crazy Yiuf.
Crazy Yiuf is moderately wounded.
You feel sick.
Crazy Yiuf hits you with a +4 quarterstaff of chaos!
* * * LOW HITPOINT WARNING * * *
You feel drained.
* * * LOW HITPOINT WARNING * * *
You hit Crazy Yiuf.
You feel better.
Crazy Yiuf is moderately wounded.
You feel sick.
You are no longer poisoned.
Crazy Yiuf hits you with a +4 quarterstaff of chaos.
* * * LOW HITPOINT WARNING * * *
Crazy Yiuf freezes you.
* * * LOW HITPOINT WARNING * * *
You slash Crazy Yiuf!
You feel better.
Crazy Yiuf is severely wounded.
Crazy Yiuf hits you with a +4 quarterstaff of chaos!
You die...

........#####..............#
##.##......##..............#
#.##......##..............#
#..'...################...#
####...# #...# #...# #...#
#...##♣♣ ### #...# #......♣♣
♣♣#..)# #...#
#.......♣♣♣♣@g...# #...#
#........♣..♣#...# #####
####....♣.♣♣♣ ### ###♣♣♣♣♣


You could see Crazy Yiuf (unable to see you, very poisoned).

Vanquished Creatures
  Terence (D:3)
  3 gnolls (D:3)
  6 adders
  A dart slug (D:1)
  9 orcs (D:3)
  11 ball pythons
  9 endoplasms
  3 giant cockroaches
  4 goblins
  7 hobgoblins
  6 jackals
  3 quokkas
  5 bats
  5 frilled lizards
  4 kobolds
  8 rats
85 creatures vanquished.

Notes
Turn   | Place    | Note
-------+----------+-------------------------------------------
     0 | D:1      | SnakkuSnakku7 the Ogre Enchanter began the quest for the
                  | Orb.
     0 | D:1      | Reached XP level 1. HP: 16/16 MP: 3/3
    55 | D:1      | Found Rures's Antique Weapon Boutique.
   208 | D:1      | Found Fiskaeso's Antique Weapon Shop.
   296 | D:1      | Reached skill level 1 in Fighting
   521 | D:1      | Reached XP level 2. HP: 20/27 MP: 5/5
   596 | D:1      | Reached skill level 1 in Maces & Flails
   854 | D:1      | Found Laog Fyo's General Store.
  1093 | D:1      | Reached XP level 3. HP: 33/35 MP: 6/6
  1229 | D:1      | Found Vumno's Jewellery Emporium.
  2164 | D:2      | Reached XP level 4. HP: 44/45 MP: 7/7
  2422 | D:2      | Reached skill level 1 in Throwing
  2627 | D:2      | Identified the +5 falchion of the Wasteland {vamp, rF+
                  | rCorr}
  2636 | D:2      | Found a faded altar of an unknown god.
  2742 | D:2      | Found a broken altar of Ashenzari.
  2887 | D:3      | Identified the +3 pair of boots "Fiotuan" {rElec MP+9
                  | Str+4}
  2961 | D:3      | Reached XP level 5. HP: 49/53 MP: 8/8
  3620 | D:3      | Found a runed translucent door.
  3621 | D:3      | Noticed Crazy Yiuf
  3666 | D:3      | Noticed Terence
  3679 | D:3      | Killed Terence
  3784 | D:3      | Got the Tractate on Rank Graupel
  4110 | D:3      | HP: 2/50 [Crazy Yiuf/+4 quarterstaff of chaos (1)]
  4111 | D:3      | Mangled by Crazy Yiuf

Illustrated notes

Levels and vault maps discovered:
D:1:      eino_arrival_cavern_e, layout_basic, serial_shops,
          nicolae_shop_hallway_plus, shop, nicolae_shop_crystal,
          nicolae_shop_crystal
D:2:      layout_basic, basic_altar, hellmonk_ecumenical_altar_lost_god,
          chequers_serial_rivers_small_b
D:3:      layout_basic, minmay_checkerbox, uniq_crazy_yiuf_cottage, uniq_terence

Skill      XL: |  1  2  3  4  5 |
---------------+----------------+-----
Fighting       | 1 2 3 |  3.0
Maces & Flails | 1 2 3 |  3.3
Throwing       | 1 2 |  2.6
Short Blades   | |  0.8
Dodging        | |  1.7
Stealth        | |  2.1
Spellcasting   | |  2.4
Hexes          | |  2.6

Action                   |  1- 3 |  4- 6 || total
-------------------------+-------+-------++-------
Melee: Flail             |   141 |    20 ||   161
       Punch             |     1 |       ||     1
       Falchion          |       |    92 ||    92
Throw: Dart              |       |     1 ||     1
  Use: Potion            |       |     1 ||     1
 Stab: Sleeping          |     2 |     1 ||     3
Armor: Robe              |    60 |    25 ||    85
Dodge: Dodged            |   106 |    66 ||   172
